 Dungeon Crawl Stone Soup version 0.22.1-2-g9c5b331383 (webtiles) character file.

196 Marnok the Poker (level 5, 0/47 HPs)
             Began as a Hill Orc Monk on Nov 25, 2018.
             Killed from afar by an orc wizard (5 damage)
             ... with a magic dart
             ... on level 2 of the Dungeon.
             The game lasted 00:08:54 (2096 turns).

Marnok the Poker (Hill Orc Monk)                    Turns: 2096, Time: 00:08:55

Health: 0/47       AC:  2    Str: 15    XL:     5   Next: 74%
Magic:  5/5        EV: 13    Int: 10    God:
Gold:   118        SH:  0    Dex: 13    Spells: 4/4 levels left

rFire    . . .     SeeInvis .   a - +0 spear
rCold    . . .     Gourm    .   (no shield)
rNeg     . . .     Faith    .   b - +0 robe
rPois    .         Spirit   .   (no helmet)
rElec    .         Reflect  .   (no cloak)
rCorr    +         Harm     .   (no gloves)
MR       .....                  (no boots)
Stlth    ++........             (no amulet)
HPRegen  0.15/turn              g - ring of resist corrosion
MPRegen  0.09/turn              (no ring)

@: no status effects
A: no striking features
a: no special abilities


You were on level 2 of the Dungeon.
You were not hungry.

You visited 1 branch of the dungeon, and saw 4 of its levels.

You collected 118 gold pieces.

Inventory:

Hand Weapons
 a - a +0 spear (weapon)
Missiles
 e - 3 javelins (quivered)
Armour
 b - a +0 robe (worn)
 d - a +0 robe
Jewellery
 g - a ring of resist corrosion (left hand)
Scrolls
 k - a scroll of identify
Potions
 f - a potion of magic {unknown}
 h - a potion of flight
Comestibles
 c - 5 rations
 j - 2 chunks of flesh


   Skills:
 + Level 4.8 Fighting
 + Level 4.9 Polearms
 + Level 3.3 Dodging
 + Level 2.2 Stealth


You had 4 spell levels left.
You didn't know any spells.
Your spell library was empty.

Dungeon Overview and Level Annotations

Branches:
Dungeon (4/15)
 Temple: D:4-7

Altars:
Gozag
Yredelemnul
The Shining One


Message History

You hit the orc wizard.
The orc wizard is heavily wounded.
The orc wizard hits you but does no damage.
You completely miss the orc wizard.
The orc wizard is heavily wounded.
The orc wizard gestures wildly while chanting.
The orc wizard blinks!
The orc wizard hits you with a dagger.
You hit the orc wizard but do no damage.
The orc wizard is heavily wounded.
The orc wizard gestures at you while chanting.
The magic dart hits you!
* * * LOW HITPOINT WARNING * * *
You hit the orc wizard.
The orc wizard is severely wounded.
The orc wizard barely misses you.
You hit the orc wizard.
The orc wizard is severely wounded.
The orc wizard casts a spell at you. The magic dart hits you!
You die...

.. .. .#
.# .# .#
###.####
#o@....#
#.#....?..
#. .##.##.
#. .. # #.
.## #. .#
#. .. ##
##


You could see an orc wizard.

Vanquished Creatures
  A phantom (D:4)
  A worker ant (D:4)
  4 adders
  An ooze (D:3)
  A leopard gecko (D:1)
  2 orcs (D:3)
  4 ball pythons
  A giant cockroach (D:1)
  7 goblins
  5 hobgoblins
  A jackal (D:3)
  6 kobolds
  7 bats
  3 frilled lizards
  4 rats
48 creatures vanquished.

Vanquished Creatures (others)
  An adder (D:2)
1 creature vanquished.

Grand Total: 49 creatures vanquished

Notes
Turn   | Place    | Note
-------+----------+-------------------------------------------
     0 | D:1      | Marnok the Hill Orc Monk began the quest for the Orb.
     0 | D:1      | Reached XP level 1. HP: 19/19 MP: 1/1
   101 | D:1      | Reached XP level 2. HP: 8/27 MP: 2/2
   724 | D:2      | Found a glowing golden altar of the Shining One.
   727 | D:2      | Found a basalt altar of Yredelemnul.
   729 | D:2      | Noticed a profane servitor
   824 | D:2      | Reached XP level 3. HP: 18/33 MP: 3/3
  1113 | D:2      | You fall through a shaft for 2 floors!
  1113 | D:4      | Noticed a phantom
  1118 | D:4      | Reached XP level 4. HP: 34/40 MP: 4/4
  1150 | D:4      | Killed a phantom
  1150 | D:4      | Reached XP level 5. HP: 23/47 MP: 5/5
  1385 | D:4      | Found an opulent altar of Gozag.
  2096 | D:2      | Killed from afar by an orc wizard

Skill      XL: |  1  2  3  4 |
---------------+-------------+-----
Fighting       | 4 |  4.8
Polearms       | 4 |  4.9
Dodging        | 3 |  3.3
Stealth        | 2 |  2.2

Action                   |  1- 3 |  4- 6 || total
-------------------------+-------+-------++-------
Melee: Spear             |   105 |   127 ||   232
  Use: Potion            |       |     5 ||     5
       Scroll            |       |     1 ||     1
 Stab: Sleeping          |     4 |       ||     4
  Eat: Chunk             |     1 |       ||     1
       Ration            |       |     1 ||     1
Armor: Robe              |    24 |    12 ||    36
       Skin              |       |    17 ||    17
Dodge: Dodged            |    94 |    62 ||   156
